 Dungeon Sprint DCSS version 0.30-a0-51-g784eafce7f (webtiles) character file.

Game seed: 9297250526252175638

386 Ankalagon the Sneak (level 6, -1/45 HPs)
             Began as a Demigod Enchanter on Sept 5, 2022.
             Slain by a boulder beetle (15 damage)
             ... in the Dungeon (Sprint II: "The Violet Keep of Menkaure").
             The game lasted 00:03:50 (318 turns).

Ankalagon the Sneak (Demigod Enchanter)              Turns: 318, Time: 00:03:50

Health: -1/45      AC:  2    Str:  9    XL:     6   Next: 23%
Magic:  5/5        EV: 15    Int: 21    God:
Gold:   18         SH:  0    Dex: 20    Spells: 2/13 levels left

rFire   . . .      SeeInvis .    e - +9 rapier of Fate {antimagic, rCorr}
rCold   . . .      Faith    .    (no shield)
rNeg    . . .      Spirit   .    b - +0 robe
rPois   .          Reflect  .    (no helmet)
rElec   .          Harm     .    (no cloak)
rCorr   +          Rampage  .    c - -1 pair of gloves of Indomitability {Dex+2 Stlth+}
Will    .....      NoTele   +    (no boots)
Stlth   +++++.....               (no amulet)
HPRegen 0.15/turn                (no ring)
MPRegen 0.09/turn                (no ring)

@: hasted, very quick
A: high MP 1, forlorn, divine attributes
a: no special abilities


You were in the Dungeon.
You visited 1 branch You collected 243 gold pieces.
You spent 225 gold pieces at shops.

Inventory:

Hand Weapons
 a - a +1 dagger
 e - the +9 rapier of Fate (weapon) {antimagic, rCorr}
   (You bought it in a shop in the Dungeon)

   It reduces the magical energy of the wielder, and disrupts the spells and
   magical abilities of those it strikes.
   Natural abilities and divine invocations are not affected.
   rCorr:     It protects you from acid and corrosion.
Armour
 b - a +0 robe (worn)
 c - the -1 pair of gloves of Indomitability (worn) {Dex+2 Stlth+}
   (You found it in the Dungeon)

   Dex:       It affects your dexterity (+2).
   Stlth:     It makes you more stealthy.
Scrolls
 i - a scroll of blinking
Potions
 d - a potion of curing
 g - 2 potions of magic


   Skills:
 + Level 0.0 Fighting
 + Level 6.4 Short Blades
 - Level 4.7 Dodging
 + Level 7.6 Stealth
 - Level 4.3 Spellcasting
 - Level 7.0 Hexes


You had 2 spell levels left.
You knew the following spells:

 Your Spells              Type           Power      Damage    Failure   Level
a - Confusing Touch       Hex            34%        N/A       1%          3
b - Tukima's Dance        Hex            34%        N/A       1%          3
d - Dazzling Flash        Conj/Hex       38%        N/A       9%          3
r - Ensorcelled Hibernat  Hex/Ice        38%        N/A       4%          2

Your spell library contained the following spells:

 Spells                   Type           Power      Damage    Failure   Level


Dungeon Overview and Level Annotations

Branches:
Dungeon (1/1)

Shops:
D [:!:*:!?(![=(==

Annotations:
D exclusions: oklob plant and orange crystal statue


Innate Abilities, Weirdness & Mutations

You have an increased reservoir of magic. (+10% MP)
You shall have no god before yourself.
Your divine heritage dramatically boosts your attributes as you level up.


Message History

You start resting.
You flicker back into view.
You start resting.
Your magical contamination has completely faded away.
You start resting.
The walls and floor vibrate strangely for a moment.
You open the door.
There is an open door here.
You close the door.
You start resting.
HP restored.
You open the door.
Unknown command.
There is an open door here.
You enter the shallow water.
Moving in this stuff is going to be slow.
Marking area around an orange crystal statue as unsafe for travelling.
Unknown command.
Unknown command.
Unknown command.
There is an open door here.
The helpless boulder beetle fails to defend itself.
You skewer the boulder beetle like a kebab!!!
The boulder beetle is severely wounded.
The boulder beetle bites you!
The boulder beetle attacks as you move away!
The boulder beetle bites you!
There is an open door here.
You feel yourself speed up. The boulder beetle bites you!
Casting: Ensorcelled Hibernation (safe; 4% risk of failure)
Confirm with . or Enter, or press ? or * to list all spells.
Aiming: Ensorcelled Hibernation (safe; 4% risk of failure)
Press: ? - help, Shift-Dir - straight line, f - boulder beetle
Aim: a boulder beetle (severely wounded, chance to affect: 34%)
Okay, then.
Unknown command.
You hit the boulder beetle but do no damage.
The boulder beetle is severely wounded.
The boulder beetle bites you!
You die...

...∩.∩..#~##†###+#
..∩.∩...#†#..†##B##
.∩.∩....'~+.##+.<.+
∩.∩.....#~#...##.##
▓▓▓▓▓▓###~##.###'##
)hD######~†####.#.##
[.h#{. ##~~~#..#..#
~ ∩P!+{?#+
#'#~##B#$## §§§
[$!#(##≈
#.#~~##@##~~§≈≈
?.!###§§
####~~~~~~~§§§≈
#+###°≈○°
#+++#+++#§≈≈ §≈≈§
§§§≈≈≈§ ≈≈§8§§≈§≈
≈≈§§§§≈§≈#
##≈≈§≈§≈≈## ####+##
#


You could see a boulder beetle and an orange crystal statue.

Vanquished Creatures
  Menkaure (D)
  4 necrophages (D)
  A hell rat (D)
6 creatures vanquished.

Notes
Turn   | Place    | Note
-------+----------+-------------------------------------------
     0 | D        | Ankalagon the Demigod Enchanter began the quest for the
                  | Orb.
     0 | D        | Reached XP level 1. HP: 14/14 MP: 5/5
     1 | D        | Noticed a boulder beetle
     1 | D        | Noticed a boulder beetle
     4 | D        | Noticed a necrophage
     4 | D        | Noticed a necrophage
     4 | D        | Noticed a necrophage
     4 | D        | Noticed a necrophage
    12 | D        | Killed a necrophage
    13 | D        | Reached XP level 2. HP: 20/20 MP: 5/8
    13 | D        | Reached XP level 3. HP: 26/26 MP: 6/10
    16 | D        | Killed a necrophage
    17 | D        | Reached XP level 4. HP: 33/33 MP: 6/12
    18 | D        | Found Wowegaig's Jewellery Emporium.
    18 | D        | Found Faos Apt's Jewellery Shoppe.
    19 | D        | Found Dinor's Antique Weapon Emporium.
    19 | D        | Found Woreox's Jewellery Shoppe.
    27 | D        | Killed a necrophage
    28 | D        | Reached skill level 5 in Stealth
    28 | D        | Reached skill level 5 in Hexes
    28 | D        | Reached XP level 5. HP: 22/38 MP: 7/14
    39 | D        | Learned a level 3 spell: Confusing Touch
    43 | D        | Learned a level 3 spell: Tukima's Dance
    46 | D        | Learned a level 2 spell: Ensorcelled Hibernation
    50 | D        | Learned a level 3 spell: Dazzling Flash
    68 | D        | Found Kaumpagumo's Distillery.
    68 | D        | Found Hudid's Antique Weapon Emporium.
    68 | D        | Found Orous's Magic Scroll Shoppe.
    69 | D        | Found Jad Ofed's Distillery.
    69 | D        | Found Yrhigirago's Book Shoppe.
    69 | D        | Found Faseirut's General Store.
    69 | D        | Noticed a black bear
    71 | D        | Found Vuod's Antique Armour Emporium.
    72 | D        | Found Gymn's Book Shoppe.
    72 | D        | Found Kyloitaf's Distillery.
    72 | D        | Noticed Menkaure
    72 | D        | Noticed a black bear
    72 | D        | Noticed a black bear
    72 | D        | Noticed an oklob plant
    73 | D        | Found Lad Ymaf's Antique Armour Shoppe.
    73 | D        | Found Nuixa's Book Shoppe.
    73 | D        | Noticed an ice dragon
    87 | D        | Killed Menkaure
    88 | D        | Reached skill level 5 in Short Blades
   108 | D        | Bought a smoking rapier for 225 gold pieces
   108 | D        | Identified the +9 rapier of Fate {antimagic, rCorr} (You
                  | bought it in a shop in the Dungeon)
   148 | D        | Reached XP level 6. HP: 21/45 MP: 2/15
   153 | D        | Identified the -1 pair of gloves of Indomitability {Dex+2
                  | Stlth+}
   311 | D        | Noticed an orange crystal statue
   318 | D        | Slain by a boulder beetle

Illustrated notes

Levels and vault maps discovered:
D:        the_violet_keep_of_menkaure [sprint2_stairs_cluster_1,
          sprint2_shoproom, sprint2_temple, sprint2_basic_supplies,
          sprint2_obstacle_4, sprint2_obstacle_2, sprint2_obstacle_5,
          sprint2_obstacle_3, sprint2_obstacle_1, sprint2_timed_cluster_1,
          sprint2_smallroom_cluster_1, sprint2_smallroom_final_cluster_1,
          sprint2_transparent_cluster_1, sprint2_second_timed_cluster_1,
          sprint2_sniper_area_1, sprint2_heavy_combat_area_1,
          sprint2_mutation_trap_area_1, sprint2_forest_area_1,
          sprint2_light_combat_area_1, sprint2_behind_water_1,
          sprint2_near_end_vault_1]

Skill      XL: |  1  2  3  4  5  6 |
---------------+-------------------+-----
Short Blades   | 3 4 5 6 |  6.4
Dodging        | 3 4 |  4.7
Stealth        | 4 5 7 |  7.6
Spellcasting   | 3 4 |  4.3
Hexes          | 4 5 6 7 |  7.0

Action                   |  1- 3 |  4- 6 || total
-------------------------+-------+-------++-------
Melee: Dagger            |    10 |    14 ||    24
       Rapier            |       |    14 ||    14
 Cast: Confusing Touch   |       |     1 ||     1
  Use: Potion            |     1 |     4 ||     5
 Stab: Invisible         |     5 |     4 ||     9
       Sleeping          |       |     1 ||     1
Dodge: Dodged            |     6 |    10 ||    16

Table legend: (Time is in decaauts)
 A = Elapsed time spent in this place.
 B = Non-inter-level travel time spent in this place.
 C = Inter-level travel time spent in this place.
 D = Time resting spent in this place.
 E = Time spent auto-exploring this place.
 F = Levels seen in this place.
 G = Mean time per level.
                   A        B        C        D        E       F      G
               +--------+--------+--------+--------+--------+-----+--------+
         Total |    334 |    334 |      0 |    135 |      0 |   1 |  334.0 |
       Dungeon |    334 |    334 |      0 |    135 |      0 |   1 |  334.0 |
               +--------+--------+--------+--------+--------+-----+--------+

Top non-repeatable levels by time:
       D: 334 daAuts
